 Dungeon Crawl Stone Soup version 0.22.0-13-g43fe8f2 (webtiles) character file.

90 Loudmushroom the Shield-Bearer (level 4, -4/40 HPs)
             Began as a Minotaur Fighter on Aug 16, 2018.
             Slain by a gnoll
             ... wielding a +0 halberd
              (11 damage)
             ... on level 3 of the Dungeon.
             The game lasted 00:08:49 (1651 turns).

Loudmushroom the Shield-Bearer (Minotaur Fighter)   Turns: 1651, Time: 00:08:50

Health: -4/40      AC: 11    Str: 21    XL:     4   Next: 32%
Magic:  3/3        EV:  4    Int:  5    God:
Gold:   96         SH:  9    Dex: 10    Spells: 3/3 levels left

rFire    . . .     SeeInvis .   a - +0 war axe
rCold    . . .     Gourm    .   c - +0 shield
rNeg     . . .     Faith    .   i - +0 plate armour
rPois    .         Spirit   .   (helmet restricted)
rElec    .         Reflect  .   (no cloak)
rCorr    .         Harm     .   (no gloves)
MR       .....                  (no boots)
Stlth    ..........             (no amulet)
HPRegen  0.13/turn              (no ring)
MPRegen  0.08/turn              (no ring)

@: lethally poisoned (-4 -> -7), slowed, very slow
A: retaliatory headbutt, horns 2
a: no special abilities


You were on level 3 of the Dungeon.
You were not hungry.

You visited 1 branch of the dungeon, and saw 3 of its levels.

You collected 96 gold pieces.

Inventory:

Hand Weapons
 a - a +0 war axe (weapon)
 u - a +0 mace of draining
Missiles
 j - 62 stones
 r - 4 tomahawks (quivered)
 w - 11 arrows
Armour
 c - a +0 shield (worn)
 i - a +0 plate armour (worn)
Jewellery
 p - an uncursed ring of ice {unknown}
Scrolls
 b - 2 scrolls of noise {unknown}
 e - a scroll of blinking {unknown}
 l - 3 scrolls of teleportation {unknown}
 m - 3 scrolls of remove curse {unknown}
 s - a scroll of enchant armour {unknown}
 v - a scroll of fog {unknown}
Potions
 d - a potion of might
 g - a potion of invisibility {unknown}
 h - 3 potions of heal wounds {unknown}
 k - a potion of lignification {unknown}
 n - a potion of curing {unknown}
 q - a potion of flight {unknown}
 t - a potion of magic {unknown}
Comestibles
 f - 6 rations
 o - 5 chunks of flesh


   Skills:
 + Level 4.2 Fighting
 * Level 4.0 Axes
 + Level 4.2 Armour
 + Level 4.3 Shields


You had 3 spell levels left.
You didn't know any spells.
Your spell library was empty.

Dungeon Overview and Level Annotations

Branches:
Dungeon (3/15)

Altars:


Innate Abilities, Weirdness & Mutations

You reflexively headbutt those who attack you in melee.
You have a pair of horns on your head.


Message History

You block the gnoll's attack.
Found a stone staircase leading down.
Things that are here:
an uncursed whip; an uncursed blowgun; a curare-tipped needle Your shield and plate armour prevent you from hitting the gnoll.
You feel sick. You block the gnoll's attack.
A gnoll comes into view. It is wielding a spear.
The gnoll hits you with a whip. The gnoll hits you but does no damage.
The gnoll shouts!
You slash the gnoll!
You kill the gnoll!
Your Axes skill increases to level 4!
You feel sick.
You closely miss the goblin.
You feel sick. You block the goblin's attack.
The gnoll hits you from afar with a halberd!
* * * LOW HITPOINT WARNING * * *
The goblin barely misses you.
You closely miss the goblin. Your headbutt misses the goblin.
The gnoll hits you from afar with a halberd!
You die...

...>. #... ## #... .#
#.. % .# #g...
.###+###########g#.#
.[.............#g#.###..
...............#@.......
...............(....####
....................#
###.#......##.......# #
#.#......##.......#
#§#......#####+#+##
#≈#......# #≈#......#
#.########


You could see 2 gnolls and a goblin.

Vanquished Creatures
  An adder (D:2)
  A gnoll (D:3)
  2 oozes
  2 worms (D:2)
  2 dart slugs
  An orc (D:3)
  2 giant cockroaches (D:1)
  11 goblins
  9 hobgoblins
  4 bats
  3 frilled lizards
  7 kobolds
  8 rats
53 creatures vanquished.

Notes
Turn   | Place    | Note
-------+----------+-------------------------------------------
     0 | D:1      | Loudmushroom the Minotaur Fighter began the quest for the Orb.
     0 | D:1      | Reached XP level 1. HP: 19/19 MP: 0/0
     2 | D:1      | Noticed an elf
     2 | D:1      | Noticed a troll
     4 | D:1      | Noticed a felid
     6 | D:1      | Noticed an octopode
     8 | D:1      | Noticed a draconian
     8 | D:1      | Noticed a centaur
    11 | D:1      | Noticed a merfolk
    11 | D:1      | Noticed an ogre
    13 | D:1      | Noticed a halfling
    13 | D:1      | Noticed a dwarf
    15 | D:1      | Noticed a ghoul
    15 | D:1      | Noticed a tengu
    17 | D:1      | Noticed a vampire
    17 | D:1      | Noticed a formicid
    19 | D:1      | Noticed a naga
    19 | D:1      | Noticed a spriggan
    21 | D:1      | Noticed a demigod
    21 | D:1      | Noticed a human
    23 | D:1      | Noticed a demonspawn
    25 | D:1      | Noticed a gargoyle
    25 | D:1      | Noticed a minotaur
    27 | D:1      | Noticed a vine stalker
   211 | D:1      | Reached XP level 2. HP: 27/27 MP: 1/1
   726 | D:2      | Reached XP level 3. HP: 14/33 MP: 2/2
  1378 | D:2      | Reached XP level 4. HP: 40/40 MP: 3/3
  1651 | D:3      | Slain by a gnoll

Skill      XL: |  1  2  3  4 |
---------------+-------------+-----
Axes           | 3 4 |  4.0
Fighting       | 4 |  4.2
Armour         | 4 |  4.2
Shields        | 4 |  4.3

Action                   |  1- 3 |  4- 6 || total
-------------------------+-------+-------++-------
Melee: War axe           |   143 |    15 ||   158
       Headbutt          |    13 |     3 ||    16
Throw: Tomahawk          |       |     3 ||     3
  Eat: Ration            |     1 |       ||     1
Armor: Plate armour      |    86 |     4 ||    90
       Scale mail        |     2 |       ||     2
Dodge: Dodged            |    22 |     2 ||    24
Block: Shield            |    63 |     5 ||    68
